 Dungeon Crawl Stone Soup version 0.32-a0-450-g080537f31e (webtiles) character file.

Game seed: 8911797113526714443

630 Dittersdorf the Fighter (level 7, -2/57 HPs)
             Began as a Gargoyle Fighter on Feb 23, 2024.
             Incinerated by a bombardier beetle (3 damage)
             ... with a burning spray
             ... on level 4 of the Dungeon.
             The game lasted 00:02:52 (2839 turns).

Dittersdorf the Fighter (Gargoyle Fighter)          Turns: 2839, Time: 00:02:52

Health: -2/57      AC: 17    Str: 22    XL:     7   Next: 48%
Magic:  7/7        EV:  7    Int:  8    God:
Gold:   213        SH:  8    Dex:  9    Spells: 6/6 levels left

rFire   . . .        a - +1 flail
rCold   . . .        k - +0 kite shield {AC+3}
rNeg    + . .        c - +0 chain mail
rPois   ∞            (no helmet)
rElec   +            (no cloak)
rCorr   .            (no gloves)
SInv    .            (no boots)
Will    .....        (no amulet) Stlth
                     (no ring)
HPRegen 0.29/turn    (no ring)
MPRegen 0.10/turn

%: no passive effects
@: on fire, glowing
A: sickness immunity, AC +4, negative energy resistance 1, electricity
resistance, torment resistance 1, petrification resistance
a: no special abilities


You were on level 4 of the Dungeon.
You visited 1 branch of the dungeon, and saw 4 of its levels.

You collected 213 gold pieces.

Inventory:

Hand Weapons
 a - a +1 flail (weapon)
Missiles
 b - 3 curare-tipped darts (quivered)
Armour
 c - a +0 chain mail (worn)
 k - a +0 kite shield of protection (worn)
Scrolls
 f - 3 scrolls of teleportation
 h - a scroll of blinking
Potions
 d - a potion of might
 e - 2 potions of invisibility
 g - a potion of heal wounds {unknown}
 i - 2 potions of mutation


   Skills:
 + Level 13.1 Fighting
 + Level 3.4 Maces & Flails
 + Level 4.5 Armour
 + Level 4.6 Shields


You had 6 spell levels left.
You didn't know any spells.
Your spell library contained the following spells:

 Spells                   Type           Power      Damage    Failure   Level
 Lesser Beckoning         Tloc           0%         N/A       100%        2
 Gell's Gravitas          Tloc           0%         N/A       100%        3
 Teleport Other           Tloc           0%         N/A       100%        3


Dungeon Overview and Level Annotations

Branches:
Dungeon (4/15)
 Temple: D:4-7

Altars:
Sif Muna
The Shining One


Innate Abilities, Weirdness & Mutations

You are immune to sickness and miasma.
Your stone body is resilient. (AC +4)
You are immune to poison.
You resist negative energy. (rN+)
You are resistant to electric shocks. (rElec)
You are resistant to unholy torment.
You are immune to petrification.


Message History

You are too injured to fight recklessly!
You are too injured to fight recklessly!
You are too injured to fight recklessly!
You are too injured to fight recklessly!
You are too injured to fight recklessly!
You are too injured to fight recklessly!
You are too injured to fight recklessly!
You are too injured to fight recklessly!
You are too injured to fight recklessly!
You are too injured to fight recklessly!
You are too injured to fight recklessly!
You are too injured to fight recklessly!
You sock the bombardier beetle!
The bombardier beetle is almost dead.
The liquid fire burns you!
The bombardier beetle sprays incendiary fluid at you.
The burning spray hits you.
You are even more covered in liquid fire!
You closely miss the bombardier beetle.
The bombardier beetle is almost dead.
The liquid fire burns you!
* * * LOW HITPOINT WARNING * * *
You sock the bombardier beetle!
You kill the bombardier beetle!
The liquid fire burns you!
* * * LOW HITPOINT WARNING * * *
You shake off some of the fire as you move.
The liquid fire burns you!
* * * LOW HITPOINT WARNING * * *
You see here a bombardier beetle corpse.
You shake off some of the fire as you move.
The liquid fire burns you!
* * * LOW HITPOINT WARNING * * *
You shake off some of the fire as you move.
The liquid fire burns you!
* * * LOW HITPOINT WARNING * * *
You see here a bombardier beetle corpse.
You shake off some of the fire as you move.
The liquid fire burns you!
You die...

#.#... #########.#.##
#.......#.#.##
#.......#.#.##
#.......#.#.##
#########.......#.#.##
####...............#.#.##
........†.................
..###....@..........#.####
#....<[....######.....
#.....[....# ######
#..........# #..........##
########............
...........#.#.###.##
.#############.#.# .#
...## #..[..#.# .#


There were no monsters in sight!

Vanquished Creatures
  A phantom (D:4)
  2 bullfrogs (D:4)
  A scorpion (D:4)
  A killer bee (D:4)
  A bombardier beetle (D:4)
  2 hounds (D:4)
  An orc wizard (D:4)
  3 gnolls (D:4)
  6 adders
  2 dart slugs (D:1)
  2 orcs (D:4)
  10 ball pythons
  A bat (D:2)
  6 endoplasms
  2 giant cockroaches
  5 goblins
  5 hobgoblins
  3 jackals (D:1)
  4 quokkas
  5 frilled lizards
  4 kobolds
  3 rats
70 creatures vanquished.

Notes
Turn   | Place    | Note
-------+----------+-------------------------------------------
     0 | D:1      | Dittersdorf the Gargoyle Fighter began the quest for the
                  | Orb.
     0 | D:1      | Reached XP level 1. HP: 14/14 MP: 1/1
    95 | D:1      | Reached XP level 2. HP: 19/19 MP: 2/2
   548 | D:1      | Reached XP level 3. HP: 23/23 MP: 3/3
  1235 | D:2      | Reached XP level 4. HP: 29/29 MP: 4/4
  1572 | D:3      | Found a glowing golden altar of the Shining One.
  1778 | D:3      | Found a faded altar of an unknown god.
  2011 | D:3      | Found a shimmering blue altar of Sif Muna.
  2314 | D:4      | Reached skill level 12 in Fighting
  2314 | D:4      | Reached XP level 5. HP: 46/46 MP: 5/5
  2322 | D:4      | Noticed a phantom
  2335 | D:4      | Killed a phantom
  2336 | D:4      | Reached skill level 13 in Fighting
  2379 | D:4      | Reached XP level 6. HP: 38/52 MP: 6/6
  2442 | D:4      | Reached XP level 7. HP: 42/57 MP: 7/7
  2838 | D:4      | HP: 1/57 [burnt (4)]
  2839 | D:4      | Incinerated by a bombardier beetle

Illustrated notes

Levels and vault maps discovered:
D:1:      ebering_trefoil_3fold, layout_loops_corners
D:2:      layout_basic, dreamdust_wishing_well
D:3:      layout_basic, amcnicky_altar_gilded, mainiacjoe_overflow_paths,
          hellmonk_ecumenical_altar_pennies_from_heaven
D:4:      layout_basic, minmay_manual_monstrance

Skill      XL: |  1  2  3  4  5 |
---------------+----------------+-----
Fighting       | 12 13 | 13.1
Armour         | 4 |  4.5
Shields        | 4 |  4.6
Maces & Flails | 3 |  3.4

Action                     |  1- 3 |  4- 6 |  7- 9 || total
---------------------------+-------+-------+-------++-------
  Melee: Flail             |   137 |    77 |    66 ||   280
    Use: Scroll            |       |     5 |     3 ||     8
         Potion            |       |     1 |       ||     1
 Armour: Scale mail        |   122 |    12 |       ||   134
         Chain mail        |       |    47 |    45 ||    92
  Dodge: Dodged            |    81 |    27 |    23 ||   131
  Block: Buckler           |    37 |     8 |       ||    45
         Kite shield       |       |    50 |    31 ||    81

Table legend: (Time is in decaauts)
 A = Elapsed time spent in this place.
 B = Non-inter-level travel time spent in this place.
 C = Inter-level travel time spent in this place.
 D = Time resting spent in this place.
 E = Time spent auto-exploring this place.
 F = Levels seen in this place.
 G = Mean time per level.
                   A        B        C        D        E       F      G
               +--------+--------+--------+--------+--------+-----+--------+
         Total |   2932 |   2805 |    127 |    116 |   2045 |   4 |  733.0 |
       Dungeon |   2932 |   2805 |    127 |    116 |   2045 |   4 |  733.0 |
               +--------+--------+--------+--------+--------+-----+--------+

Top non-repeatable levels by time:
     D:1: 902 daAuts
     D:3: 766 daAuts
     D:2: 680 daAuts
     D:4: 582 daAuts
